 Dungeon Crawl Stone Soup version 0.28.0-53-g5a82cb258f (webtiles) character file.

Game seed: 6585365046361018545

147 Logoto the Firebug (level 5, 0/40 HPs)
             Began as a Hill Orc Fire Elementalist on Aug 3, 2022.
             Killed from afar by an orc wizard (6 damage)
             ... with a magic dart
             ... on level 4 of the Dungeon.
             The game lasted 00:07:36 (2829 turns).

Logoto the Firebug (Hill Orc Fire Elementalist)     Turns: 2829, Time: 00:07:36

Health: 0/40       AC:  5    Str: 13    XL:     5   Next: 29%
Magic:  7/8        EV: 10    Int: 15    God:
Gold:   113        SH:  0    Dex: 11    Spells: 5/8 levels left

rFire   . . .      SeeInvis .   n - +0 hand axe (freeze)
rCold   . . .      Faith    .   (no shield)
rNeg    . . .      Spirit   .   h - +0 ring mail
rPois   .          Reflect  .   (no helmet)
rElec   .          Harm     .   (no cloak)
rCorr   .          Rampage  .   (no gloves)
Will    .....                   (no boots)
Stlth   ..........              (no amulet)
HPRegen 0.13/turn               (no ring)
MPRegen 0.11/turn               (no ring)

@: confused
A: no striking features
a: no special abilities


You were on level 4 of the Dungeon.
You visited 1 branch of the dungeon, and saw 4 of its levels.

You collected 113 gold pieces.

Inventory:

Hand Weapons
 f - a +0 dagger of venom
 n - a +0 hand axe of freezing (weapon)
Missiles
 o - 3 boomerangs of dispersal
Armour
 h - a +0 ring mail (worn)
Wands
 m - a wand of paralysis (5)
Scrolls
 a - a scroll of fog {unknown}
 c - 5 scrolls of identify {unknown}
 g - a scroll of enchant armour {unknown}
 j - a scroll of noise {unknown}
 l - a scroll of brand weapon {unknown}
Potions
 b - a potion of flight {unknown}
 d - a potion of heal wounds {unknown}
 e - a potion of might {unknown}
 i - a potion of lignification {unknown}
 k - a potion of brilliance {unknown}


   Skills:
 + Level 1.1 Fighting
 + Level 0.1 Short Blades
 + Level 3.1 Armour
 + Level 1.9 Dodging
 + Level 1.7 Stealth
 + Level 0.1 Unarmed Combat
 + Level 2.1 Spellcasting
 + Level 1.3 Conjurations
 + Level 4.2 Fire Magic


You had 5 spell levels left.
You knew the following spells:

 Your Spells              Type           Power      Damage    Failure   Level
a - Foxfire               Conj/Fire      36%        2x1d5     14%         1
b - Scorch                Fire           28%        2d6       12%         2

Your spell library contained the following spells:

 Spells                   Type           Power      Damage    Failure   Level
 Beastly Appendage        Tmut           2%         N/A       41%         1
 Freeze                   Ice            4%         1d3       41%         1
 Conjure Flame            Conj/Fire      9%         6-21      41%         3
 Inner Flame              Hex/Fire       7%         N/A       50%         3
 Wereblood                Tmut           1%         N/A       56%         2
 Frozen Ramparts          Ice            2%         1d2       80%         3
 Spider Form              Tmut/Pois      1%         N/A       80%         3
 Flame Wave               Conj/Fire      9%         2d5       82%         4
 Hailstorm                Conj/Ice       3%         3d3       98%         4


Dungeon Overview and Level Annotations

Branches:
Dungeon (4/15)
 Temple: D:4-7

Altars:

Shops:
D:1 *


Message History

There is a stone staircase leading up here.
You barely miss the orc.
The orc is severely wounded.
You closely miss something.
You hear some strange, mumbled words.
A magic dart appears from out of thin air!
Deactivating autopickup; reactivate with Ctrl-A.
The magic dart hits you! The orc misses you. Something hits you.
The orc hits you with a +0 falchion.
Sorry, you're not good enough to have a special ability.
Casting: Scorch (safe; 12% risk of failure)
Confirm with . or Enter, or press ? or * to list all spells.
Flames lash something.
Something hits you. The orc hits you with a +0 falchion.
* * * LOW HITPOINT WARNING * * *
You closely miss the orc.
The orc is severely wounded.
You hit something but do no damage. Something hits you but does no damage.
The orc hits you with a +0 falchion.
* * * LOW HITPOINT WARNING * * *
You hit the orc. You freeze the orc.
You kill the orc!
You barely miss something.
You hear some strange, mumbled words.
A puff of flame appears from out of thin air!
The puff of flame hits you.
* * * LOW HITPOINT WARNING * * *
Items here: $ ) [ †.
You hear some strange, mumbled words.
You are confused.
You're too confused to cast spells.
Sorry, you're not good enough to have a special ability.
You're too confused to cast spells.
Sorry, you're not good enough to have a special ability.
You're too confused to cast spells.
You hear some strange, mumbled words.
You are more confused.
You bump into the rock wall.
A magic dart appears from out of thin air!
The magic dart hits you.
You die...

...#. ...#. .... ...#
...# ..#
#################.#
#....@..{......)<.#
....#################
#


There were no monsters in sight!

Vanquished Creatures
  Jessica (D:3)
  An orc wizard (D:3)
  2 adders
  3 worms (D:2)
  3 dart slugs
  3 orcs
  6 ball pythons
  4 endoplasms
  3 giant cockroaches
  5 goblins
  10 hobgoblins
  4 kobolds
  5 quokkas
  4 bats
  A frilled lizard (D:1)
  4 rats
59 creatures vanquished.

Vanquished Creatures (others)
  50 foxfires
  4 plants (D:1)
54 creatures vanquished.

Grand Total: 113 creatures vanquished

Notes
Turn   | Place    | Note
-------+----------+-------------------------------------------
     0 | D:1      | Logoto the Hill Orc Fire Elementalist began the quest for
                  | the Orb.
     0 | D:1      | Reached XP level 1. HP: 14/14 MP: 3/3
   258 | D:1      | Reached XP level 2. HP: 20/20 MP: 2/4
   261 | D:1      | Learned a level 2 spell: Scorch
   911 | D:1      | Reached XP level 3. HP: 27/27 MP: 3/5
  1043 | D:1      | Found a faded altar of an unknown god.
  1101 | D:1      | Found Fiapady's Assorted Antiques.
  1181 | D:1      | Reached skill level 4 in Fire Magic
  1450 | D:2      | Reached skill level 1 in Fighting
  1861 | D:2      | Reached XP level 4. HP: 33/35 MP: 5/7
  1878 | D:2      | Reached skill level 1 in Armour
  2570 | D:3      | Noticed Jessica
  2578 | D:3      | Killed Jessica
  2579 | D:3      | Reached XP level 5. HP: 22/40 MP: 4/8
  2829 | D:4      | Killed from afar by an orc wizard

Illustrated notes

Levels and vault maps discovered:
D:1:      mushboom_english_gardens, layout_basic, serial_shops,
          nicolae_lakefront_shop, hellmonk_ecumenical_altar_inner_sanctum,
          minmay_door_square, minmay_misc_feat_x, serial_bayou_lagoon_a,
          grunt_decor_cap, serial_bayou_ford_a
D:2:      minmay_alternating_diamond, layout_rooms
D:3:      layout_rooms, nicolae_overflow_crystal_walls, uniq_jessica
D:4:      layout_loops_ring, chequers_temple_overflow_statue_of_worship,
          ebering_ghost_reflecting_pool, chequers_serial_rivers_small_b,
          kennysheep_generic_room_3

Skill      XL: |  1  2  3  4  5 |
---------------+----------------+-----
Fire Magic     | 4 |  4.2
Fighting       | 1 |  1.1
Spellcasting   | 2 |  2.1
Armour         | 2 3 |  3.1
Short Blades   | |  0.1
Dodging        | |  1.9
Stealth        | |  1.7
Unarmed Combat | |  0.1
Conjurations   | |  1.3

Action                   |  1- 3 |  4- 6 || total
-------------------------+-------+-------++-------
Melee: Unarmed           |     8 |       ||     8
       Dagger            |    68 |    30 ||    98
       Hand axe          |       |    11 ||    11
 Cast: Foxfire           |    25 |     7 ||    32
       Scorch            |     8 |     9 ||    17
 Stab: Sleeping          |     1 |       ||     1
Armor: Robe              |     5 |       ||     5
       Ring mail         |    27 |    20 ||    47
Dodge: Dodged            |    65 |    26 ||    91
